 Dungeon Crawl Stone Soup version 0.28-a0-1624-g820543e53a (webtiles) character file.

Game seed: 14627467913879311454

722 HallandMoats the Vandal (level 7, 0/52 HPs)
             Began as a Ghoul Hunter on Jan 24, 2022.
             Was a Priest of Hepliaklqana.
             Slain by Pikel (3 damage)
             ... on level 5 of the Dungeon.
             The game lasted 00:05:01 (5000 turns).

HallandMoats the Vandal (Ghoul Hunter)              Turns: 5000, Time: 00:05:03

Health: 0/52       AC:  5    Str: 16    XL:     7   Next: 71%
Magic:  8/8        EV: 12    Int:  6    God:    Hepliaklqana [***...]
Gold:   132        SH:  0    Dex: 11    Spells: 6/6 levels left

rFire   . . .      SeeInvis .   b - +0 falchion (protect)
rCold   + . .      Faith    .   (no shield)
rNeg    + + +      Spirit   .   t - +2 leather armour {Will+}
rPois   ∞          Reflect  .   (no helmet)
rElec   .          Harm     .   (no cloak)
rCorr   .          Rampage  .   (no gloves)
Will    +....                   (no boots)
Stlth   +.........              (no amulet)
HPRegen 0.00/turn               (no ring)
MPRegen 0.11/turn               (no ring)

@: inhibited regen
A: reduced essence, claws 1, cold resistance 1, negative energy resistance 3,
inhibited regeneration, torment resistance 2
a: Renounce Religion, Recall Ancestor, Ancestor Identity, Transference


You were on level 5 of the Dungeon.
You worshipped Hepliaklqana.
Hepliaklqana was most pleased with you.
You visited 1 branch of the dungeon, and saw 5 of its levels.

You collected 132 gold pieces.

Inventory:

Hand Weapons
 a - a +1 hunting sling
 b - a +0 falchion of protection (weapon)
Missiles
 d - 16 sling bullets
 e - 81 stones (quivered)
 k - 2 throwing nets
Armour
 t - a +2 leather armour of willpower (worn)
Scrolls
 f - 2 scrolls of teleportation {unknown}
 h - 2 scrolls of immolation {unknown}
 m - a scroll of magic mapping {unknown}
 n - a scroll of vulnerability {unknown}
 o - 3 scrolls of noise {unknown}
 p - a scroll of enchant weapon {unknown}
 r - a scroll of silence {unknown}
 u - 2 scrolls of identify {unknown}
Potions
 c - 2 potions of flight {unknown}
 g - a potion of lignification {unknown}
 i - a potion of might {unknown}
 j - 2 potions of haste {unknown}
 l - a potion of curing {unknown}
 s - a potion of cancellation {unknown}


   Skills:
 + Level 3.9 Fighting
 * Level 2.8 Long Blades
 * Level 5.4 Slings
 + Level 2.3 Armour
 + Level 3.2 Dodging
 - Level 1.1 Stealth
 + Level 3.1 Invocations


You had 6 spell levels left.
You didn't know any spells.
Your spell library contained the following spells:

 Spells                   Type           Power      Damage    Failure   Level
 Corpse Rot               Necr/Air       0%         N/A       65%         2
 Ensorcelled Hibernation  Hex/Ice        0%         N/A       65%         2
 Passwall                 Tmut/Erth      0%         N/A       65%         2
 Ozocubu's Armour         Ice            0%         N/A       87%         3
 Swiftness                Air            0%         N/A       87%         3
 Dispel Undead            Necr           0%         3d6       99%         4
 Death Channel            Necr           0%         N/A       100%        6
 Ozocubu's Refrigeration  Ice            0%         4d5       100%        7


Dungeon Overview and Level Annotations

Branches:
Dungeon (5/15)
 Temple: D:4-7

Altars:
Hepliaklqana
Nemelex Xobeh
Ru
Trog
Yredelemnul

Annotations:
D:5 Pikel


Innate Abilities, Weirdness & Mutations

Your life essence is reduced to manifest your ancestor. (-10% HP)
You thrive by killing the living.
You are immune to poison.
You have sharp fingernails.
Your flesh is cold resistant. (rC+)
You are immune to negative energy. (rN+++)
You do not regenerate when monsters are visible.
You are immune to unholy pain and torment.


Message History

Okay, then.
Unknown command.
Pikel hits Tlalli with a +2 whip of flaming.
Tlalli closely misses Pikel.
Pikel barely misses Tlalli.
Tlalli hits Pikel with a +0 dagger of draining.
Pikel hits Tlalli with a +2 whip of flaming!
Pikel burns Tlalli.
Tlalli hits Pikel but does no damage.
Pikel hits Tlalli with a +2 whip of flaming.
The lemure hits you but does no damage.
Tlalli hits Pikel with a +0 dagger of draining.
Pikel hits Tlalli with a +2 whip of flaming!
Tlalli is destroyed!
Pikel hits you but does no damage. The lemure barely misses you.
You see here a +0 quarterstaff.
You hit Pikel.
Your weapon exudes an aura of protection.
Pikel is heavily wounded.
The lemure closely misses you. Pikel misses you.
The lemure hits you but does no damage. The lemure hits you.
You closely miss Pikel.
Pikel is heavily wounded.
Pikel hits you with a +2 whip of flaming.
Pikel burns you. The lemure hits you. The lemure hits you but does no damage.
You miss Pikel. You claw Pikel!
Pikel is severely wounded.
Pikel hits you with a +2 whip of flaming.
Pikel burns you. The lemure hits you. The lemure completely misses you.
You closely miss Pikel.
Pikel is severely wounded.
Pikel hits you with a +2 whip of flaming.
Pikel burns you. The lemure barely misses you. The lemure hits you!
* * * LOW HITPOINT WARNING * * *
You miss Pikel.
Pikel is severely wounded.
Pikel says, "It's all about the gold, really."
Pikel hits you with a +2 whip of flaming.
* * * LOW HITPOINT WARNING * * *
Pikel burns you.
You die...

###### #....# #5##.####
#.##.##.. #.##K##.# #
###.##@##.##.#
#######....55##>...#
##......(....5##.##.+
#......(............#
##.....((.#....##....#
#......(..####.##....+##
#:..#(.#.......##....#..
#....(.##............#..
#......##.........##.'..+###


You could see Pikel (drained) and 3 lemures.

Vanquished Creatures
  A centaur (D:4)
  A lemure (D:5)
  A water moccasin zombie (D:5)
  2 centaur zombies (D:5)
  2 hounds (D:4)
  2 iguanas (D:4)
  An orc wizard (D:4)
  2 scorpion zombies (D:5)
  Ijyb (D:4)
  A hound zombie (D:5)
  A hound skeleton (D:4)
  6 gnolls
  5 adders
  An ufetubus (D:4)
  3 worms (D:2)
  2 dart slugs (D:4)
  8 orcs
  2 bats
  10 endoplasms
  3 giant cockroaches
  7 hobgoblins
  3 jackals (D:3)
  6 kobolds
  3 quokkas
  5 ball pythons
  9 frilled lizards
  5 goblins
  6 rats
99 creatures vanquished.

Vanquished Creatures (collateral kills)
  A hound (D:5)
  A scorpion zombie (D:5)
  A gnoll (D:4)
  3 orcs (D:4)
  A hobgoblin (D:2)
  A jackal (D:3)
  A frilled lizard (D:1)
9 creatures vanquished.

Vanquished Creatures (others)
  3 hexers (D:5)
  6 plants (D:1)
9 creatures vanquished.

Grand Total: 117 creatures vanquished

Notes
Turn   | Place    | Note
-------+----------+-------------------------------------------
     0 | D:1      | HallandMoats the Ghoul Hunter began the quest for the Orb.
     0 | D:1      | Reached XP level 1. HP: 17/17 MP: 0/0
    65 | D:1      | Found a faded altar of an unknown god.
    83 | D:1      | Prayed at the altar of an unknown god.
    83 | D:1      | Became a worshipper of Hepliaklqana the Forgotten
    83 | D:1      | Reached * piety under Hepliaklqana
    86 | D:1      | Reached XP level 2. HP: 21/21 MP: 1/1
   615 | D:1      | Reached XP level 3. HP: 27/27 MP: 2/2
   629 | D:1      | Reached skill level 1 in Invocations
   946 | D:2      | Reached skill level 4 in Slings
   955 | D:2      | Reached XP level 4. HP: 7/33 MP: 2/4
  1257 | D:2      | Reached ** piety under Hepliaklqana
  1258 | D:2      | Remembered your ancestor Tlalli as a hexer
  1511 | D:2      | Reached skill level 1 in Armour
  1582 | D:2      | Found a sacrificial altar of Ru.
  2245 | D:3      | Reached XP level 5. HP: 33/40 MP: 5/5
  2589 | D:3      | Found a basalt altar of Yredelemnul.
  2932 | D:4      | Reached skill level 1 in Long Blades
  3011 | D:4      | Reached *** piety under Hepliaklqana
  3071 | D:4      | Reached XP level 6. HP: 45/45 MP: 6/6
  3179 | D:4      | Noticed Ijyb
  3193 | D:4      | Killed Ijyb
  3869 | D:4      | Found a hazy altar of Hepliaklqana.
  3878 | D:4      | Reached skill level 5 in Slings
  3878 | D:4      | Reached XP level 7. HP: 20/51 MP: 6/8
  4235 | D:4      | Found a bloodstained altar of Trog.
  4271 | D:4      | Found a sparkling altar of Nemelex Xobeh.
  4627 | D:5      | Entered Level 5 of the Dungeon
  4926 | D:5      | Noticed Pikel
  5000 | D:5      | Slain by Pikel

Illustrated notes

Levels and vault maps discovered:
D:1:      psy_arrival_fountain, layout_rooms, shapermc_ecumenical_altar_venn,
          serial_forest, infiniplex_forest_zigzag_1,
          infiniplex_forest_clump_curved, infiniplex_forest_clump_tiny,
          infiniplex_forest_diagonal, infiniplex_forest_lined_3,
          infiniplex_forest_clump_long, infiniplex_forest_lined_room_3,
          infiniplex_forest_straight_5, infiniplex_forest_lined_3_way,
          minmay_lizard_king
D:2:      layout_basic, basic_altar, st_stairs_2,
          corexii_item_surrounded_by_moat
D:3:      layout_basic, mainiacjoe_overflow_brackets, lemuel_another_geyser
D:4:      layout_layer_cave, nemelex_diamond_rough_becter, trog_book,
          minmay_ruined_shrine, uniq_ijyb
D:5:      layout_basic, mainiacjoe_overflow_alcove_2,
          mainiacjoe_overflow_24_doors, serial_undead, serial_undead_b,
          serial_undead_d, serial_undead_d, serial_undead_b,
          gup_sewer_entry_glass, uniq_crazy_yiuf_cottage, uniq_edmund,
          uniq_pikel

Skill      XL: |  1  2  3  4  5  6  7 |
---------------+----------------------+-----
Dodging        | 2 3 |  3.2
Invocations    | 1 2 3 |  3.1
Slings         | 4 5 |  5.4
Armour         | 1 2 |  2.3
Fighting       | 3 |  3.9
Long Blades    | 1 2 |  2.8
Stealth        | |  1.1

Action                   |  1- 3 |  4- 6 |  7- 9 || total
-------------------------+-------+-------+-------++-------
Melee: Falchion          |       |       |     9 ||     9
       Punch             |       |       |     1 ||     1
 Fire: Hunting sling     |    83 |   204 |    80 ||   367
Invok: Ancestor Life: He |       |     1 |       ||     1
  Use: Potion            |       |       |     2 ||     2
Armor: Leather armour    |     5 |     5 |    14 ||    24
       Ring mail         |       |    12 |       ||    12
Dodge: Dodged            |    13 |    29 |    29 ||    71

Table legend: (Time is in decaauts)
 A = Elapsed time spent in this place.
 B = Non-inter-level travel time spent in this place.
 C = Inter-level travel time spent in this place.
 D = Time resting spent in this place.
 E = Time spent auto-exploring this place.
 F = Levels seen in this place.
 G = Mean time per level.
                   A        B        C        D        E       F      G
               +--------+--------+--------+--------+--------+-----+--------+
         Total |   4991 |   4869 |    122 |      0 |   4137 |   5 |  998.2 |
       Dungeon |   4991 |   4869 |    122 |      0 |   4137 |   5 |  998.2 |
               +--------+--------+--------+--------+--------+-----+--------+

Top non-repeatable levels by time:
     D:4: 1772 daAuts
     D:2: 1085 daAuts
     D:3: 895 daAuts
     D:1: 869 daAuts
     D:5: 368 daAuts
